 Dungeon Crawl Stone Soup version 0.19.1-1-g22dce08 (webtiles) character file.

169 RedPan the Slasher (level 5, -2/41 HPs)
             Began as a Formicid Fighter on Dec 29, 2016.
             Slain by an ogre
             ... wielding a +0 giant spiked club
              (26 damage)
             ... on level 4 of the Dungeon.
             The game lasted 00:06:01 (2171 turns).

RedPan the Slasher (Formicid Fighter)               Turns: 2171, Time: 00:06:02

Health: -2/41      AC:  9    Str: 22    XL:     5   Next: 79%
Magic:  14/14      EV:  8    Int:  7    God:
Gold:   199        SH:  9    Dex: 10    Spells: 0 memorised, 4 levels left

rFire  . . .     SeeInvis +     a - +0 long sword
rCold  . . .     Gourm    .     b - +0 scale mail
rNeg   . . .     Faith    .     c - +0 shield
rPois  .         Spirit   .     (helmet unavailable)
rElec  .         Reflect  .     (no cloak)
rCorr  .         Harm     .     e - +1 pair of gloves
MR     .....                    (no boots)
Stlth  ..........               (no amulet)
                                (no ring)
                                l - ring of magical power

@: no status effects
A: permanent stasis, dig shafts and tunnels, four strong arms, antennae 3
a: Dig, Shaft Self


You were on level 4 of the Dungeon.
You were not hungry.

You visited 1 branch of the dungeon, and saw 4 of its levels.

You collected 199 gold pieces.

Inventory:

Hand Weapons
 a - a +0 long sword (weapon)
Armour
 b - a +0 scale mail (worn)
 c - a +0 shield (worn)
 e - a +1 pair of gloves (worn)
Jewellery
 l - a ring of magical power (left hand)
Scrolls
 k - a scroll of enchant armour
 o - a scroll of teleportation
 r - 2 scrolls of remove curse
Potions
 d - a potion of might
 g - a potion of curing
 m - a potion of resistance
 n - a potion of ambrosia {unknown}
 p - a potion of cure mutation
Books
 j - a book of Minor Magic

   Spells                             Type                      Level
   a - Magic Dart                     Conjuration                  1
   b - Blink                          Translocation                2
   c - Call Imp                       Summoning                    2
   d - Repel Missiles                 Charms/Air                   2
   e - Slow                           Hexes                        2
   f - Conjure Flame                  Conjuration/Fire             3
   g - Mephitic Cloud                 Conjuration/Poison/Air       3
Comestibles
 f - 6 bread rations
 i - 3 meat rations
 s - a chunk of flesh
 t - a slice of pizza


   Skills:
 - Level 3.2 Fighting
 + Level 5.5 Long Blades
 - Level 3.2 Armour
 - Level 3.6 Shields


You had 4 spell levels left.
You didn't know any spells.

Dungeon Overview and Level Annotations

Branches:
Dungeon (4/15)
 Temple: D:4-7

Altars:
Ru


Innate Abilities, Weirdness & Mutations

You are under a permanent stasis effect.
You can dig through walls and to a lower floor.
Your four strong arms can wield two-handed weapons with a shield.
You have a pair of large antennae on your head. (SInv)


Message History

You found a teleport trap!
The ogre shouts!
Found a ring mail.
You hit the ogre.
The ogre is moderately wounded.
The ogre barely misses you.
You hit the ogre but do no damage.
The ogre is moderately wounded.
The ogre hits you with a giant spiked club!
You slash the ogre!
The ogre is almost dead.
The ogre closely misses you.
You hit the ogre.
The ogre is almost dead.
The ogre hits you with a giant spiked club!
Your shield and scale mail prevent you from hitting the ogre.
The ogre is almost dead.
The ogre hits you with a giant spiked club!!
Ouch! That really hurt!
You die...

####### #.....# #.....#
#..<..# .###### #.....#
[......####.....#
........O@......+
......^####.....#
....... #.....# ..
....... #.##### ...
....... #.## ....
....... #..# ###...
###########..#######...#
# ..................#.#
..#+##............#.#


You could see an ogre.

Vanquished Creatures
  A worker ant (D:4)
  4 gnolls (D:3)
  4 adders
  3 oozes
  A worm (D:2)
  A dart slug (D:2)
  A leopard gecko (D:1)
  A ball python (D:3)
  7 bats
  A giant cockroach (D:1)
  5 goblins
  9 hobgoblins
  2 quokkas
  4 frilled lizards
  10 kobolds
  A quokka skeleton (D:4)
  6 rats
61 creatures vanquished.

Notes
Turn   | Place    | Note
-------+----------+-------------------------------------------
     0 | D:1      | RedPan the Formicid Fighter began the quest for the Orb.
     0 | D:1      | Reached XP level 1. HP: 18/18 MP: 1/1
    55 | D:1      | Reached XP level 2. HP: 24/24 MP: 2/2
   307 | D:1      | Reached skill level 3 in Long Blades
   369 | D:1      | Reached XP level 3. HP: 25/29 MP: 3/3
   671 | D:2      | Found a sacrificial altar of Ru.
   713 | D:2      | Reached skill level 4 in Long Blades
   713 | D:2      | Reached XP level 4. HP: 23/35 MP: 4/4
  1477 | D:3      | Reached XP level 5. HP: 28/41 MP: 5/5
  1486 | D:3      | Reached skill level 5 in Long Blades
  2159 | D:4      | Noticed an ogre
  2171 | D:4      | Slain by an ogre

Skill      XL: |  1  2  3  4  5 |
---------------+----------------+-----
Long Blades    | 3 4 5 |  5.5
Fighting       | |  3.2
Armour         | |  3.2
Shields        | |  3.6

Action                   |  1- 3 |  4- 6 || total
-------------------------+-------+-------++-------
Melee: Long sword        |   109 |   159 ||   268
  Use: Scroll            |       |     5 ||     5
       Potion            |       |     2 ||     2
  Eat: Chunk             |       |     5 ||     5
Armor: Scale mail        |    46 |    79 ||   125
Dodge: Dodged            |    28 |    68 ||    96
Block: Shield            |    53 |    97 ||   150
       Rpst.: Long sword |     6 |    22 ||    28
